 Dungeon Crawl Stone Soup version 0.17.0-27-g4a3f43e (webtiles) character file.

76 septik the Chiller (level 4, 0/30 HPs)
             Began as a Merfolk Ice Elementalist on Nov 21, 2015.
             Succumbed to atarun's ghost's poison
             ... on level 3 of the Dungeon.
             The game lasted 00:04:14 (1663 turns).

septik the Chiller (Merfolk Ice Elementalist)       Turns: 1663, Time: 00:04:15

Health: 0/30       AC:  5    Str:  8    XL:     4   Next: 32%
Magic:  0/9        EV: 13    Int: 14    God:
Gold:   123        SH:  0    Dex: 15    Spells: 1 memorised, 8 levels left

rFire  . . .     SeeInvis .     q - -1 dagger (curse)
rCold  . . .     Clarity  .     a - +0 robe
rNeg   . . .     SustAt   .     (no shield)
rPois  .         Gourm    .     (no helmet)
rElec  .         Spirit   .     (no cloak)
rCorr  .         Warding  .     (no gloves)
rMut   .         Stasis   .     k - +2 pair of boots
MR     .....                    (no amulet)
Stlth  ++........               (no ring)
                                (no ring)

@: lethally poisoned (0 -> -38), not resistant to hostile enchantments,
unstealthy
A: change form in water, swift swim
a: no special abilities


You were on level 3 of the Dungeon.
You were not hungry.

You visited 1 branch of the dungeon, and saw 3 of its levels.

You collected 123 gold pieces.

Inventory:

Hand Weapons
 i - a +0 club
 q - a cursed -1 dagger (weapon)
Missiles
 r - 35 stones (quivered)
Armour
 a - a +0 robe (worn)
 k - a +2 pair of boots (worn)
 u - a cursed +0 buckler
Scrolls
 f - a scroll of enchant weapon {unknown}
 g - a scroll of recharging {unknown}
 j - a scroll of teleportation {unknown}
 l - 2 scrolls of enchant armour {unknown}
 m - 2 scrolls of identify {unknown}
 n - a scroll of fear {unknown}
 o - 3 scrolls of remove curse {unknown}
 p - a scroll of blinking {unknown}
 t - a scroll of magic mapping {unknown}
Potions
 d - a potion of lignification {unknown}
 e - a potion of heal wounds {unknown}
 w - a potion of invisibility {unknown}
 x - a potion of berserk rage {unknown}
 z - a potion of poison {unknown}
Books
 b - a book of Frost

   Spells                             Type                      Level
   a - Freeze                         Ice                          1
   b - Throw Frost                    Conjuration/Ice              2
   c - Ozocubu's Armour               Charms/Ice                   3
   d - Throw Icicle                   Conjuration/Ice              4
   e - Summon Ice Beast               Ice/Summoning                4
   f - Condensation Shield            Ice                          4
Comestibles
 c - 3 bread rations
 h - a meat ration
 s - a beef jerky
 v - 2 chunks of flesh


   Skills:
 - Level 2.6 Dodging
 - Level 2.1 Stealth
 * Level 3.3 Spellcasting
   Level 0.7 Conjurations
 + Level 4.3 Ice Magic


You had 8 spell levels left.
You knew the following spells:

 Your Spells              Type           Power        Failure   Level  Hunger
a - Freeze                Ice            ##..         3%          1    #......


Dungeon Overview and Level Annotations

Branches:
Dungeon (3/15)

Altars:
Dithmenos
Xom

Annotations:
D:3 atarun's ghost, amateur HaBe


Message History

Unknown command.
Casting: Freeze
Confirm with . or Enter, or press ? or * to list all spells.
Aiming: Freeze
Press: ? - help, Shift-Dir - straight line, f/p - atarun's ghost
Aim: atarun's ghost, wielding a weapon of venom (severely damaged)
You freeze atarun's ghost.
Atarun's ghost is almost destroyed.
* * * LOW HITPOINT WARNING * * *
You feel sick.
Atarun's ghost hits you but does no damage.
You are more poisoned.
Casting: Freeze
Confirm with . or Enter, or press ? or * to list all spells.
Aiming: Freeze
Press: ? - help, Shift-Dir - straight line, f/p - atarun's ghost
Aim: atarun's ghost, wielding a weapon of venom (almost destroyed)
You freeze atarun's ghost.
Atarun's ghost is almost destroyed.
You die...

###.# .##.# #### .##.#
### #...
.##.####.#########...
.........)..........
....##.............
.#####.#..#######.# .#
...###.#..#######.#.!#
.#.............W@....#
.##...#...#.#####.##....
.##.##.##.#.# .# #
.##.#####.#.# ..
.........#.# #.#
##.####..#.# .. #.>#.#
.## #....†......$ .#
#...###......##


You could see atarun's ghost.

Vanquished Creatures
  A crimson imp (D:3)
  An ooze (D:2)
  An orc (D:2)
  3 giant cockroaches (D:1)
  7 goblins
  3 hobgoblins
  3 kobolds
  4 bats
  2 giant geckos (D:1)
  A giant newt (D:1)
  7 rats
33 creatures vanquished.

Notes
Turn   | Place    | Note
--------------------------------------------------------------
     0 | D:1      | septik the Merfolk Ice Elementalist began the quest for the Orb.
     0 | D:1      | Reached XP level 1. HP: 13/13 MP: 3/3
   185 | D:1      | Reached XP level 2. HP: 17/19 MP: 1/5
   606 | D:2      | Found a shadowy altar of Dithmenos.
   664 | D:2      | Reached XP level 3. HP: 22/24 MP: 0/7
  1003 | D:2      | You fall through a shaft!
  1180 | D:2      | Reached skill level 4 in Ice Magic
  1491 | D:3      | Found a shimmering altar of Xom.
  1506 | D:3      | Reached XP level 4. HP: 30/30 MP: 4/8
  1637 | D:3      | Noticed atarun's ghost (amateur HaBe)
  1663 | D:3      | Succumbed to atarun's ghost's poison

Action                   |  1- 3 |  4- 6 || total
-------------------------+-------+-------++-------
Melee: Club              |     7 |       ||     7
       Dagger            |    21 |     4 ||    25
       Unarmed           |     3 |       ||     3
 Cast: Freeze            |    40 |    17 ||    57
 Stab: Sleeping          |     2 |       ||     2
  Eat: Chunk             |     2 |     1 ||     3
